 Dungeon Crawl Stone Soup version 0.19-a0-1855-gb7442ac (webtiles) character file.

3987 hurricos the Fighter (level 10, 88/88 HPs)
             Began as a Formicid Fighter on Oct 11, 2016.
             Was a Follower of Kikubaaqudgha.
             Quit the game on level 8 of the Dungeon.
             The game lasted 00:08:05 (7103 turns).

hurricos the Fighter (Formicid Fighter)             Turns: 7103, Time: 00:08:06

Health: 88/88      AC:  8    Str: 20    XL:     10   Next: 46%
Magic:  11/11      EV: 12    Int: 14    God:    Kikubaaqudgha [*.....]
Gold:   477        SH: 12    Dex: 13    Spells: 0 memorised, 9 levels left

rFire  . . .     SeeInvis +     g - +3 quarterstaff (chaos)
rCold  . . .     Gourm    .     f - +2 leather armour "Ypin" {rElec MR+ Int+5}
rNeg   . . .     Faith    .     c - +0 shield
rPois  .         Spirit   .     (helmet unavailable)
rElec  +         Dismiss  .     p - +0 cloak
rCorr  .         Reflect  .     d - +1 pair of gloves
MR     ++...     Harm     .     (no boots)
Stlth  +......... Clarity  +    e - amulet of regeneration
                                j - +1 ring of protection
                                F - +1 ring of evasion

@: no status effects
A: permanent stasis, dig shafts and tunnels, four strong arms, antennae 3,
clarity, deformed body, high mp 1, regeneration 1
a: Dig, Shaft Self, Receive Corpses, Renounce Religion


You were on level 8 of the Dungeon.
You worshipped Kikubaaqudgha.
Kikubaaqudgha was aware of your devotion.
You were not hungry.

You visited 2 branches of the dungeon, and saw 9 of its levels.

You collected 477 gold pieces.

Inventory:

Hand Weapons
 a - a +3 spear of venom
 b - a +2 hunting sling of velocity
 g - a +3 quarterstaff of chaos (weapon)
 y - a +2 dagger of venom
Missiles
 s - 222 stones (quivered)
 v - 45 sling bullets
Armour
 c - a +0 shield (worn)
 d - a +1 pair of gloves (worn)
 f - the +2 leather armour "Ypin" (worn) {rElec MR+ Int+5}
   (You found it on level 7 of the Dungeon)

   It affects your intelligence (+5).
   It insulates you from electricity.
   It affects your resistance to hostile enchantments.
 p - a +0 cloak (worn)
 r - a +0 scale mail
 I - a +0 ring mail
Jewellery
 e - an amulet of regeneration (around neck)
 j - a +1 ring of protection (right hand)
 B - an uncursed ring of stealth
 F - a +1 ring of evasion (left hand)
 G - an uncursed ring of loudness
Scrolls
 k - 2 scrolls of fog
 l - 12 scrolls of identify
 m - 2 scrolls of enchant armour
 n - a scroll of fear
 q - 2 scrolls of remove curse
 t - a scroll of random uselessness {unknown}
 u - a scroll of magic mapping
 z - a scroll of recharging
 C - a scroll of amnesia
Potions
 i - 3 potions of magic
 w - a potion of agility
 A - 2 potions of curing
Books
 h - Kikubaaqudgha's Almanac of Evil Magic
   (Kikubaaqudgha gifted it to you on level 8 of the Dungeon)

   Spells                             Type                      Level
   a - Animate Skeleton               Necromancy                   1
   b - Corpse Rot                     Necromancy                   2
   c - Sublimation of Blood           Necromancy                   2
   d - Regeneration                   Charms/Necromancy            3
   e - Control Undead                 Necromancy                   4
 x - a book of Cantrips

   Spells                             Type                      Level
   a - Confusing Touch                Hexes                        1
   b - Animate Skeleton               Necromancy                   1
   c - Summon Small Mammal            Summoning                    1
   d - Apportation                    Translocation                1
 D - a book of Misfortune

   Spells                             Type                      Level
   a - Confusing Touch                Hexes                        1
   b - Confuse                        Hexes                        3
   c - Gell's Gravitas                Hexes/Translocation          3
   d - Petrify                        Transmutation/Earth          4
   e - Metabolic Englaciation         Hexes/Ice                    5
   f - Yara's Violent Unravelling     Hexes/Transmutation          5
Comestibles
 o - a meat ration
 E - 7 fruits
 H - 5 bread rations


   Skills:
 + Level 11.2 Fighting
 - Level 7.4 Staves
 - Level 3.2 Armour
 + Level 9.9 Shields


You had 9 spell levels left.
You didn't know any spells.

Dungeon Overview and Level Annotations

Branches:
Dungeon (8/15)             Temple (1/1) D:7
   Lair: D:8-11

Altars:
Ashenzari
Cheibriados
Dithmenos
Elyvilon
Fedhas
Gozag
Hepliaklqana
Kikubaaqudgha
Makhleb
Nemelex Xobeh
Okawaru
Qazlal
Ru
Sif Muna
Trog
Uskayaw
Vehumet
Xom
Yredelemnul
Zin
The Shining One

Shops:
D:6 :


Innate Abilities, Weirdness & Mutations

You are under a permanent stasis effect.
You can dig through walls and to a lower floor.
Your four strong arms can wield two-handed weapons with a shield.
You have a pair of large antennae on your head. (SInv)
You possess an exceptional clarity of mind.
Armour fits poorly on your strangely shaped body.
You have an increased reservoir of magic. (+10% MP)
Your natural rate of healing is unusually fast.


Message History

The gnoll closely misses you.
Things that are here:
a giant club; an ogre skeleton A gnoll is nearby!
You closely miss the gnoll. The gnoll barely misses you.
You barely miss the gnoll. You block the gnoll's attack.
You hit the gnoll.
There is a sudden explosion of sparks!
You kill the gnoll!
Kikubaaqudgha accepts your kill.
No target in view!
No target in view!
Search for what [Enter for "leather", or ? for help]? glov You see here a pair of glowing gloves.
d - a pair of glowing gloves Wear which item? (? for menu, Esc to quit)
You start putting on your armour.
You continue putting on your pair of glowing gloves. x4
You finish putting on your +1 pair of gloves.
Unknown command.
Are you sure you want to abandon this character and quit the game? (Confirm with "yes".)

.........##......# #.#
####.....##......########.#
.....?...##...............#..#
.........##...............#..#
.........##...............#..#
.........##..........†....#..#.#.
..........#...............#..#.#.
..........#...............#..#.#.
#.##..>...#.....@........##..#.#.
.......................>.....#.#.
##.##.##.....#.#############.#.#.
##)##.##.###.#.# #.#.#.
##).#.##.# #.#.# #.....
###.#.##.# #.#.# ###.## .#.##.#
#.#.# ########## #.# ...##.#
#.#.# #........# #.# #..##.#
#.#.# #.######.# #.#


There were no monsters in sight!

Vanquished Creatures
  Pikel (D:4)
  The ghost of p0werm0de the Thaumaturge, a novice DsEn of Nemelex Xobeh (D:8)
  A troll (D:8)
  A hippogriff (D:7)
  A spriggan (D:7)
  A steam dragon (shapeshifter) (D:8)
  Menkaure (D:7)
  Edmund (D:4)
  A sky beast (D:7)
  An ice beast (D:5)
  2 slaves (D:4)
  4 ogres
  A centaur (D:8)
  3 bullfrogs
  A gnoll sergeant (D:5)
  A wyvern skeleton (D:6)
  2 scorpions
  2 howler monkeys (D:8)
  3 crimson imps
  An orc priest (D:5)
  A centaur skeleton (D:7)
  6 hounds
  Crazy Yiuf (D:3)
  2 jellies
  A bullfrog skeleton (D:3)
  5 iguanas
  5 orc wizards
  9 worker ants
  A hound skeleton (D:5)
  9 gnolls
  A howler monkey skeleton (D:4)
  6 adders
  An ooze (D:7)
  2 adder skeletons
  2 worms (D:2)
  A dart slug (D:1)
  3 leopard geckos
  18 orcs
  A ball python (D:4)
  3 giant cockroaches
  9 goblins
  3 hobgoblins (D:2)
  9 jackals
  3 quokkas
  9 bats
  6 frilled lizards
  4 kobolds
  4 rats (D:3)
  A fungus (D:3)
156 creatures vanquished.

Vanquished Creatures (others)
  A slave (D:5)
  3 gnolls (D:5)
4 creatures vanquished.

Grand Total: 160 creatures vanquished

Notes
Turn   | Place    | Note
-------+----------+-------------------------------------------
     0 | D:1      | hurricos the Formicid Fighter began the quest for the Orb.
     0 | D:1      | Reached XP level 1. HP: 18/18 MP: 1/1
   106 | D:1      | Reached XP level 2. HP: 24/24 MP: 2/2
   549 | D:2      | Reached XP level 3. HP: 25/29 MP: 3/3
  1238 | D:2      | Found a shadowy altar of Dithmenos.
  1239 | D:2      | Found a sacrificial altar of Ru.
  1240 | D:2      | Found a bloodstained altar of Trog.
  1240 | D:2      | Found an opulent altar of Gozag.
  1245 | D:2      | Found a stormy altar of Qazlal.
  1245 | D:2      | Found an iron altar of Okawaru.
  1246 | D:2      | Found a glowing golden altar of the Shining One.
  1250 | D:2      | Reached XP level 4. HP: 34/35 MP: 4/4
  2062 | D:3      | Reached XP level 5. HP: 42/42 MP: 5/5
  2185 | D:3      | Reached skill level 4 in Fighting
  2930 | D:3      | Found a runed door.
  2935 | D:3      | Noticed Crazy Yiuf
  2964 | D:3      | Killed Crazy Yiuf
  2964 | D:3      | Reached XP level 6. HP: 23/49 MP: 6/6
  3097 | D:4      | Noticed an ogre
  3106 | D:4      | Killed an ogre
  3106 | D:4      | Reached skill level 5 in Fighting
  3283 | D:4      | Reached skill level 5 in Staves
  3283 | D:4      | Reached XP level 7. HP: 47/56 MP: 7/7
  3380 | D:4      | Reached skill level 5 in Shields
  3647 | D:4      | Reached skill level 6 in Fighting
  3719 | D:5      | Entered Level 5 of the Dungeon
  3825 | D:5      | Noticed Pikel
  3826 | D:5      | Noticed Edmund
  3975 | D:4      | Killed Pikel
  3975 | D:4      | Reached skill level 7 in Fighting
  3975 | D:4      | Reached XP level 8. HP: 12/67 MP: 8/8
  4027 | D:4      | Killed Edmund
  4147 | D:5      | Reached skill level 8 in Fighting
  4194 | D:5      | Reached XP level 9. HP: 60/74 MP: 9/9
  4329 | D:5      | You fall through a shaft for 2 floors!
  4455 | D:7      | Gained mutation: Your natural rate of healing is unusually fast. [mutagenic meat]
  4461 | D:7      | Gained mutation: You possess an exceptional clarity of mind. [mutagenic meat]
  4464 | D:7      | Gained mutation: You have an increased reservoir of magic. (+10% MP) [mutagenic meat]
  4467 | D:7      | Gained mutation: Armour fits poorly on your strangely shaped body. [mutagenic meat]
  4586 | D:6      | Found Avvaaff's Book Shoppe.
  4739 | D:6      | Reached skill level 9 in Fighting
  5645 | D:7      | Got a bloodstained leather armour
  5656 | D:7      | Identified the +2 leather armour "Ypin" {rElec MR+ Int+5} (You found it on level 7 of the Dungeon)
  5758 | D:7      | Noticed a hippogriff
  5772 | D:7      | Killed a hippogriff
  5780 | D:7      | Noticed Menkaure
  5781 | D:7      | Found a staircase to the Ecumenical Temple.
  5793 | D:7      | Killed Menkaure
  5828 | Temple   | Entered the Ecumenical Temple
  6077 | Temple   | Became a worshipper of Kikubaaqudgha
  6257 | D:7      | Found a white marble altar of Elyvilon.
  6308 | D:7      | Reached skill level 10 in Fighting
  6308 | D:7      | Reached XP level 10. HP: 70/85 MP: 11/11
  6691 | D:8      | Noticed p0werm0de's ghost (novice DsEn)
  6734 | D:8      | Killed p0werm0de's ghost
  6857 | D:8      | Reached skill level 11 in Fighting
  6908 | D:8      | Reached * piety under Kikubaaqudgha
  6908 | D:8      | Identified Kikubaaqudgha's Almanac of Evil Magic (Kikubaaqudgha gifted it to you on level 8 of the Dungeon)
  6908 | D:8      | Received a gift from Kikubaaqudgha
  7103 | D:8      | Quit the game

Vault maps used:
D:1:      zelgadis_glass_arrival_small
D:2:      grunt_temple_overflow_open, serial_park_tiny_2,
          kennysheep_generic_room_5
D:3:      uniq_crazy_yiuf_cottage
D:4:      solitary_fountain, kennysheep_generic_room_15
D:5:      first_bread, eino_small_chamber_without_monster, nrook_uturn,
          uniq_pikel, uniq_edmund
D:6:      serial_shops, nicolae_shop_window_shopping, minmay_misc_feat_enclosed,
          hangedman_decor_peaks_small, nrook_mini_backslash
D:7:      the_bakery, elyvilon_altar_3, uniq_menkaure
Temple:   dpeg_chambers_temple

Skill      XL: |  1  2  3  4  5  6  7  8  9 10 |
---------------+-------------------------------+-----
Staves         | 3 4 5 6 7 |  7.4
Fighting       | 4 5 7 8 10 11 | 11.2
Shields        | 4 6 8 9 |  9.9
Armour         | |  3.2

Action                   |  1- 3 |  4- 6 |  7- 9 | 10-12 || total
-------------------------+-------+-------+-------+-------++-------
Melee: Quarterstaff      |    44 |    26 |   122 |    75 ||   267
       Dagger            |    16 |    19 |       |       ||    35
       Spear             |       |       |   147 |    54 ||   201
 Fire: Hunting sling     |     6 |   113 |       |       ||   119
 Abil: Dig               |       |       |     1 |       ||     1
  Use: Potion            |       |       |    12 |     2 ||    14
       Scroll            |       |       |     5 |     7 ||    12
 Stab: Sleeping          |       |       |     4 |     2 ||     6
  Eat: Bread ration      |     1 |       |       |       ||     1
       Chunk             |       |     3 |     7 |     4 ||    14
       Meat ration       |       |       |     1 |       ||     1
       Royal jelly       |       |       |     1 |       ||     1
Armor: Scale mail        |    27 |    32 |    49 |       ||   108
       Leather armour    |       |       |     7 |    22 ||    29
       Ring mail         |       |       |     2 |       ||     2
Dodge: Dodged            |     7 |    28 |    54 |    42 ||   131
Block: Shield            |    22 |    30 |    88 |    60 ||   200
